 Dungeon Crawl Stone Soup version 0.31-b1-17-gcfd88c8481 (webtiles) character file.

Game seed: 2467606018797673168

62 Arctor the Vexing (level 4, -6/34 HPs)
             Began as a Gnoll Hexslinger on Jan 16, 2024.
             Mangled by an iguana (11 damage)
             ... on level 2 of the Dungeon.
             The game lasted 00:01:14 (1151 turns).

Arctor the Vexing (Gnoll Hexslinger)                Turns: 1151, Time: 00:01:14

Health: -6/34      AC:  2    Str:  8    XL:     4   Next: 8%
Magic:  8/8        EV: 14    Int: 12    God:
Gold:   20         SH:  0    Dex: 16    Spells: 6/8 levels left

rFire   . . .        a - +1 sling
rCold   . . .        (no shield)
rNeg    . . .        c - +0 robe
rPois   .            (no helmet)
rElec   .            (no cloak)
rCorr   .            (no gloves)
SInv    .            (no boots)
Will    .....        (no amulet)
Stlth   ++           (no ring)
HPRegen 0.25/turn    (no ring)
MPRegen 0.11/turn

%: no passive effects
@: no status effects
A: fangs 1, strong nose, distributed training
a: no special abilities


You were on level 2 of the Dungeon.
You visited 1 branch of the dungeon, and saw 2 of its levels.

You collected 20 gold pieces.

Inventory:

Hand Weapons
 a - a +1 sling (weapon)
Armour
 c - a +0 robe (worn)
Magical Staves
 f - a staff of fire
Scrolls
 b - a scroll of poison
 d - a scroll of identify {unknown}


   Skills:
 + Level 2.7 Fighting
 + Level 1.0 Short Blades
 + Level 1.0 Long Blades
 + Level 1.0 Axes
 + Level 1.0 Maces & Flails
 + Level 1.0 Polearms
 + Level 1.0 Staves
 + Level 4.6 Ranged Weapons
 + Level 1.0 Throwing
 + Level 1.0 Armour
 + Level 4.6 Dodging
 + Level 1.0 Stealth
 + Level 1.0 Shields
 + Level 1.0 Unarmed Combat
 + Level 2.9 Spellcasting
 + Level 0.8 Conjurations
 + Level 5.4 Hexes
 + Level 0.8 Summonings
 + Level 0.8 Necromancy
 + Level 0.8 Translocations
 + Level 2.2 Fire Magic
 + Level 0.8 Ice Magic
 + Level 0.8 Air Magic
 + Level 0.8 Earth Magic
 + Level 0.8 Alchemy
 + Level 1.1 Invocations
 + Level 1.0 Evocations
 + Level 1.0 Shapeshifting


You had 6 spell levels left.
You knew the following spells:

 Your Spells              Type           Power      Damage    Failure   Level
a - Jinxbite              Hex            28%        N/A       4%          2

Your spell library contained the following spells:

 Spells                   Type           Power      Damage    Failure   Level
 Sigil of Binding         Hex            14%        N/A       8%          3
 Inner Flame              Hex/Fire       11%        N/A       16%         3
 Cause Fear               Hex            7%         N/A       26%         4
 Dimensional Bullseye     Hex/Tloc       4%         N/A       56%         4


Dungeon Overview and Level Annotations

Branches:
Dungeon (2/15)

Altars:


Innate Abilities, Weirdness & Mutations

You have very sharp teeth.
Your uncanny sense of smell can sniff out nearby items.
Your experience applies equally to all skills.


Message History

You shoot a sling bullet. The sling bullet hits the adder!
You kill the adder!
An adder comes into view.
Your Shapeshifting skill increases to level 1!
You have reached level 4!
You feel stronger. The adder bites you.
Sorry, you're not good enough to have a special ability.
You shoot a sling bullet.
The sling bullet closely misses the iguana.
The sling bullet barely misses the adder.
The iguana barely misses you.
You shoot a sling bullet.
The sling bullet barely misses the iguana.
The sling bullet barely misses the adder.
The iguana barely misses you.
You shoot a sling bullet.
The sling bullet hits the iguana but does no damage.
The iguana bites you! The iguana bites you.
You shoot a sling bullet. The sling bullet hits the iguana.
The iguana is lightly wounded.
The iguana bites you!
* * * LOW HITPOINT WARNING * * *
You shoot a sling bullet.
The sling bullet hits the iguana but does no damage.
The iguana is lightly wounded.
The iguana closely misses you.
You shoot a sling bullet. The sling bullet hits the iguana.
The iguana is moderately wounded.
The iguana bites you.
* * * LOW HITPOINT WARNING * * *
It was a potion of cancellation.
You feel magically purged.
The iguana bites you but does no damage.
The iguana attacks as it pursues you! The iguana barely misses you.
The iguana attacks as it pursues you! The iguana barely misses you.
The iguana attacks as it pursues you! The iguana misses you.
You see here a hobgoblin skeleton.
The iguana attacks as it pursues you! The iguana closely misses you.
The iguana attacks as it pursues you! The iguana bites you!
You die...

.... #. ....##.#
......# ##.#..##
###### .
.......# #.l@<#
...####....#
#.####
...........###.#
....#.#....S.÷S#
....#......#####
..........##
....####..#
.......#..#
......##..#


You could see an iguana.

Vanquished Creatures
  3 adders
  2 dart slugs
  4 bats
  2 giant cockroaches (D:1)
  3 goblins (D:1)
  5 hobgoblins
  2 quokkas (D:1)
  3 ball pythons (D:1)
  A frilled lizard (D:1)
  3 kobolds (D:1)
  2 rats
30 creatures vanquished.

Notes
Turn   | Place    | Note
-------+----------+-------------------------------------------
     0 | D:1      | Arctor the Gnoll Hexslinger began the quest for the Orb.
     0 | D:1      | Reached XP level 1. HP: 17/17 MP: 4/4
   120 | D:1      | Reached XP level 2. HP: 23/23 MP: 5/5
   154 | D:1      | Learned a level 2 spell: Jinxbite
   569 | D:1      | Reached XP level 3. HP: 28/28 MP: 7/7
   834 | D:1      | Reached skill level 1 in Invocations
  1048 | D:2      | Reached skill level 1 in Short Blades
  1048 | D:2      | Reached skill level 1 in Long Blades
  1048 | D:2      | Reached skill level 1 in Axes
  1048 | D:2      | Reached skill level 1 in Maces & Flails
  1048 | D:2      | Reached skill level 1 in Polearms
  1048 | D:2      | Reached skill level 1 in Staves
  1048 | D:2      | Reached skill level 1 in Throwing
  1048 | D:2      | Reached skill level 1 in Armour
  1048 | D:2      | Reached skill level 1 in Stealth
  1048 | D:2      | Reached skill level 1 in Shields
  1048 | D:2      | Reached skill level 1 in Unarmed Combat
  1048 | D:2      | Reached skill level 1 in Evocations
  1130 | D:2      | Reached skill level 1 in Shapeshifting
  1130 | D:2      | Reached XP level 4. HP: 32/34 MP: 8/8
  1151 | D:2      | Mangled by an iguana

Illustrated notes

Levels and vault maps discovered:
D:1:      ldierk_walled_garden_2, layout_loops_ring
D:2:      layout_basic, basic_altar, kennysheep_donut

Skill      XL: |  1  2  3 |
---------------+----------+-----
Fire Magic     | 2 |  2.2
Invocations    | 1 |  1.1
Short Blades   | 1 |  1.0
Long Blades    | 1 |  1.0
Axes           | 1 |  1.0
Maces & Flails | 1 |  1.0
Polearms       | 1 |  1.0
Staves         | 1 |  1.0
Throwing       | 1 |  1.0
Armour         | 1 |  1.0
Stealth        | 1 |  1.0
Shields        | 1 |  1.0
Unarmed Combat | 1 |  1.0
Evocations     | 1 |  1.0
Shapeshifting  | 1 |  1.0
Fighting       | |  2.7
Ranged Weapons | |  4.6
Dodging        | |  4.6
Spellcasting   | |  2.9
Conjurations   | |  0.8
Hexes          | |  5.4
Summonings     | |  0.8
Necromancy     | |  0.8
Translocations | |  0.8
Ice Magic      | |  0.8
Air Magic      | |  0.8
Earth Magic    | |  0.8
Alchemy        | |  0.8

Action                     |  1- 3 |  4- 6 || total
---------------------------+-------+-------++-------
   Fire: Sling             |   106 |     6 ||   112
   Cast: Jinxbite          |     2 |       ||     2
    Use: Potion            |     1 |     1 ||     2
 Armour: Robe              |    32 |     7 ||    39
  Dodge: Dodged            |    51 |     7 ||    58
